 Dungeon Crawl Stone Soup version 0.30-a0-847-g17996783a1 (webtiles) character file.

Game seed: 11644401736763283729

252 holysushi the Cutter (level 5, -2/41 HPs)
             Began as a Demonspawn Monk on Mar 4, 2023.
             Was an Initiate of Gozag.
             Slain by an ogre
             ... wielding a +0 giant spiked club
              (18 damage)
             ... on level 4 of the Dungeon.
             The game lasted 00:04:46 (3125 turns).

holysushi the Cutter (Demonspawn Monk)              Turns: 3125, Time: 00:04:46

Health: -2/41      AC:  4    Str: 11    XL:     5   Next: 89%
Magic:  5/5        EV: 13    Int: 11    God:    Gozag
Gold:   296        SH:  0    Dex: 18    Spells: 4/4 levels left

rFire   . . .      SeeInvis .    k - +2 dagger (speed)
rCold   . . .      Faith    .    (no shield)
rNeg    . . .      Spirit   .    b - +0 robe
rPois   .          Reflect  .    g - +0 helmet
rElec   .          Rampage  .    l - +0 cloak
rCorr   .                        (no gloves)
Will    .....                    (no boots)
Stlth   ++                       (no amulet)
HPRegen 0.26/turn                (no ring)
MPRegen 0.09/turn                (no ring)

@: no status effects
A: foul stench 1, weakness stinger 1
a: Renounce Religion, Potion Petition, Call Merchant, Bribe Branch


You were on level 4 of the Dungeon.
You worshipped Gozag.
Gozag was aware of your devotion.
You visited 1 branch of the dungeon, and saw 4 of its levels.

You collected 296 gold pieces.

Inventory:

Hand Weapons
 a - a +0 short sword
 k - a +2 dagger of speed (weapon)
 m - a +1 short sword of electrocution
Armour
 b - a +0 robe (worn)
 g - a +0 helmet (worn)
 l - a +0 cloak (worn)
Jewellery
 o - a +4 ring of slaying
 q - a ring of protection from cold
Scrolls
 f - 2 scrolls of enchant weapon {unknown}
 j - 6 scrolls of identify {unknown}
 n - a scroll of fear {unknown}
 p - 2 scrolls of noise {unknown}
 r - 4 scrolls of teleportation {unknown}
 s - 2 scrolls of poison {unknown}
Potions
 c - a potion of ambrosia
 d - a potion of flight {unknown}
 e - a potion of attraction {unknown}
 h - 2 potions of haste {unknown}
 i - a potion of might {unknown}
 t - a potion of mutation {unknown}
 u - a potion of brilliance {unknown}
 v - a potion of heal wounds {unknown}


   Skills:
 - Level 3.0 Fighting
 + Level 6.1 Short Blades
 - Level 2.6 Dodging
 - Level 1.7 Stealth


You had 4 spell levels left.
You didn't know any spells.
Your spell library contained the following spells:

 Spells                   Type           Power      Damage    Failure   Level
 Shock                    Conj/Air       0%         1d3       34%         1
 Sting                    Tmut/Pois      0%         1d3       34%         1
 Poisonous Vapours        Pois/Air       0%         N/A       47%         2
 Swiftness                Air            0%         N/A       71%         3
 Airstrike                Air            0%         2d(0-16)  98%         4
 Olgreb's Toxic Radiance  Pois           0%         N/A       98%         4


Dungeon Overview and Level Annotations

Branches:
Dungeon (4/15) Zot: 21027
 Temple: D:4-7

Altars:
Gozag
Hepliaklqana
Nemelex Xobeh
Trog
Vehumet

Shops:
D:3 (


Innate Abilities, Weirdness & Mutations

You may rarely emit foul miasma when damaged in melee.
You have a small tail.


Message History

You now have 284 gold pieces (gained 6).
You now have 291 gold pieces (gained 7).
You now have 296 gold pieces (gained 5).
Found a stone staircase leading down.
No target in view!
An ogre comes into view. It is wielding a +0 giant spiked club.
The ogre shouts!
An ogre is nearby!
An ogre is nearby!
An ogre is nearby!
An ogre is nearby!
You swing at nothing.
You swing at nothing.
You hit the ogre.
Your tail-slap misses the ogre.
The ogre is lightly wounded.
You hit the ogre.
The ogre is moderately wounded.
You barely miss the ogre. You punch the ogre, but do no damage.
The ogre is moderately wounded.
The ogre misses you.
You hit the ogre.
The ogre is moderately wounded.
You hit the ogre.
The ogre is heavily wounded.
You hit the ogre.
Your tail-slap misses the ogre.
The ogre is heavily wounded.
You hit the ogre.
The ogre is severely wounded.
The ogre hits you with a +0 giant spiked club!!
Ouch! That really hurt!
You hit the ogre but do no damage.
Your tail-slap misses the ogre.
The ogre is severely wounded.
You hit the ogre.
You tail-slap the ogre, but do no damage.
The ogre is severely wounded.
You hit the ogre.
The ogre is almost dead.
The ogre hits you with a +0 giant spiked club!!
You die...
Your body crumbles into a pile of gold.

########.#...... #
.........#.##.#. .###
###.......#. ...
##...#######.
.#####.#####............
..............########..
#......####.# ...
#....>...##.# #..
###..@##.##.# ...
......O.##.##.#
..###.#.##....#
...#.##....# ###
#.##.........#
..#####.##...# ### #.#
..# #.. ... #### ##


You could see an ogre.

Vanquished Creatures
  A phantom (D:4)
  Terence (D:2)
  4 gnolls
  3 adders
  3 worms
  5 orcs
  5 bats
  6 endoplasms
  A giant cockroach (D:2)
  8 goblins
  7 hobgoblins
  12 jackals
  2 quokkas
  4 ball pythons
  4 frilled lizards
  7 kobolds
  4 rats (D:1)
77 creatures vanquished.

Notes
Turn   | Place    | Note
-------+----------+-------------------------------------------
     0 | D:1      | holysushi the Demonspawn Monk began the quest for the Orb.
     0 | D:1      | Reached XP level 1. HP: 18/18 MP: 1/1
   130 | D:1      | Reached skill level 3 in Short Blades
   198 | D:1      | Found a faded altar of an unknown god.
   323 | D:1      | Discovered your monstrous ancestry.
   323 | D:1      | Gained mutation: You have a small tail. [demonic ancestry]
   323 | D:1      | Reached XP level 2. HP: 21/24 MP: 2/2
   689 | D:1      | Reached XP level 3. HP: 24/29 MP: 3/3
  1424 | D:2      | Reached skill level 4 in Short Blades
  1979 | D:3      | Noticed Terence
  2010 | D:2      | Killed Terence
  2011 | D:2      | Reached XP level 4. HP: 14/35 MP: 4/4
  2098 | D:3      | Found a hazy altar of Hepliaklqana.
  2098 | D:3      | Found an opulent altar of Gozag.
  2104 | D:3      | Found a sparkling altar of Nemelex Xobeh.
  2107 | D:3      | Found a radiant altar of Vehumet.
  2116 | D:3      | Became a worshipper of Gozag Ym Sagoz the Greedy
  2121 | D:3      | Found a bloodstained altar of Trog.
  2225 | D:3      | Found Buifeiro's Weapon Shop.
  2451 | D:3      | Reached skill level 5 in Short Blades
  2624 | D:4      | Noticed a phantom
  2643 | D:3      | Gained mutation: You may rarely emit foul miasma when
                  | damaged in melee. [demonic ancestry]
  2643 | D:3      | Reached XP level 5. HP: 26/41 MP: 5/5
  2830 | D:4      | Killed a phantom
  2839 | D:4      | Reached skill level 6 in Short Blades
  3111 | D:4      | Noticed an ogre
  3125 | D:4      | Slain by an ogre

Illustrated notes

Levels and vault maps discovered:
D:1:      dpeg_cavernosity, layout_loops_ring, basic_ecumenical_altar
D:2:      layout_basic, grunt_ministairs_6
D:3:      layout_rooms, nicolae_overflow_hallway_of_the_gods, serial_shops,
          nicolae_shop_bloodbath_and_beyond, uniq_terence
D:4:      layout_basic

Skill      XL: |  1  2  3  4  5 |
---------------+----------------+-----
Short Blades   | 3 4 5 6 |  6.1
Fighting       | |  3.0
Dodging        | |  2.6
Stealth        | |  1.7

Action                     |  1- 3 |  4- 6 || total
---------------------------+-------+-------++-------
  Melee: Short sword       |    51 |       ||    51
         Dagger            |   107 |   145 ||   252
         Tailslap          |    14 |    25 ||    39
         Punch             |     3 |     1 ||     4
    Use: Potion            |     1 |       ||     1
   Stab: Sleeping          |     8 |     1 ||     9
         Distracted        |       |     1 ||     1
 Armour: Robe              |    22 |    19 ||    41
  Dodge: Dodged            |    69 |    42 ||   111

Table legend: (Time is in decaauts)
 A = Elapsed time spent in this place.
 B = Non-inter-level travel time spent in this place.
 C = Inter-level travel time spent in this place.
 D = Time resting spent in this place.
 E = Time spent auto-exploring this place.
 F = Levels seen in this place.
 G = Mean time per level.
                   A        B        C        D        E       F      G
               +--------+--------+--------+--------+--------+-----+--------+
         Total |   2972 |   2705 |    267 |    336 |   1682 |   4 |  743.0 |
       Dungeon |   2972 |   2705 |    267 |    336 |   1682 |   4 |  743.0 |
               +--------+--------+--------+--------+--------+-----+--------+

Top non-repeatable levels by time:
     D:1: 1373 daAuts
     D:3: 716 daAuts
     D:2: 597 daAuts
     D:4: 285 daAuts
